 Dungeon Crawl Stone Soup version 0.29-a0-620-g13ace881f2 (webtiles) character file.

Game seed: 7231327101428416826

193776 HoaS the Marksgargoyle (level 18, -51/108 HPs)
             Began as a Gargoyle Hunter on June 17, 2022.
             Was the Champion of Makhleb.
             Annihilated by a white very ugly thing (53 damage)
             ... on level 3 of the Abyss on June 18, 2022.
             The game lasted 01:28:24 (32776 turns).

HoaS the Marksgargoyle (Gargoyle Hunter)           Turns: 32776, Time: 01:28:25

Health: -51/108    AC: 39    Str: 18    XL:     18   Next: 28%
Magic:  18/18      EV: 30    Int:  9    God:    Makhleb [******]
Gold:   1713       SH:  0    Dex: 34    Spells: 17/17 levels left

rFire   . . .      SeeInvis +   G - +3 longbow (freeze)
rCold   . . .      Faith    .   (shield currently unavailable)
rNeg    + . .      Spirit   .   C - +5 ring mail of Jigsaw {Contam +Inv Dex+3 Slay+2}
rPois   ∞          Reflect  .   I - +1 hat {Will+}
rElec   +          Harm     .   F - +2 cloak {rPois}
rCorr   .          Rampage  .   A - +2 pair of gloves
Will    +++..      Rage     3%  v - +2 pair of boots
Stlth   ++........ Rnd*Tele +   o - amulet of regeneration
HPRegen 1.08/turn               R - ring "Nahebar" {Will+ Dex+6 SInv}
MPRegen 0.16/turn               i - +6 ring of dexterity

@: flying, studying Invocations
A: sickness immunity, AC +13, big wings, negative energy resistance 1,
electricity resistance, torment resistance 1, petrification resistance, frail 1,
[berserk 2], [teleportitis 2]
}: 1/15 runes: serpentine
a: Renounce Religion, Evoke Invisibility, Minor Destruction, Lesser Servant of
Makhleb, Major Destruction, Greater Servant of Makhleb


You were on level 3 of the Abyss.
You worshipped Makhleb.
Makhleb was exalted by your worship.
You visited 6 branches of the dungeon, and saw 29 of its levels.
You visited the Abyss 1 time.
You also visited: Sewer, Gauntlet and Ice Cave.

You collected 3315 gold pieces.
You spent 1602 gold pieces at shops.

Inventory:

Hand Weapons
 a - a +5 shortbow of freezing
 G - a +3 longbow of freezing (weapon)
Missiles
 m - 7 throwing nets
Armour
 p - a +2 helmet of see invisible
 v - a +2 pair of boots (worn)
 A - a +2 pair of gloves (worn)
 C - the +5 ring mail of Jigsaw (worn) {Contam +Inv Dex+3 Slay+2}
   (You found it on level 10 of the Dungeon)

   Dex:       It affects your dexterity (+3).
   Slay:      It affects your accuracy & damage with ranged weapons and melee
   (+2).
   +Inv:      It lets you turn invisible.
   Contam:    It causes magical contamination when unequipped.
 F - a +2 cloak of poison resistance (worn)
 I - a +1 hat of willpower (worn)
 S - +0 shadow dragon scales
Jewellery
 b - a +4 ring of protection
 i - a +6 ring of dexterity (right hand)
 o - an amulet of regeneration (around neck)
 x - a ring of resist corrosion
 z - a ring of protection from cold
 K - a ring of protection from cold
 O - a +4 ring of protection
 R - the ring "Nahebar" (left hand) {Will+ Dex+6 SInv}
   (You took it off a naga ritualist on level 4 of the Snake Pit)

   [ring of dexterity]

   Dex:       It affects your dexterity (+6).
   SInv:      It lets you see invisible.
   Will:      It increases your willpower.
Wands
 f - a wand of iceblast (25)
 j - a wand of digging (4)
 k - a wand of paralysis (39)
 n - a wand of quicksilver (17)
 t - a wand of mindburst (36)
 u - a wand of flame (38)
Scrolls
 c - 4 scrolls of immolation
 d - a scroll of magic mapping
 g - 15 scrolls of teleportation
 l - 7 scrolls of fog
 y - 3 scrolls of blinking
 B - 3 scrolls of fear
 D - a scroll of summoning
 E - 9 scrolls of identify
 J - 2 scrolls of poison
 L - 2 scrolls of silence
 T - a scroll of brand weapon
Potions
 e - 21 potions of curing
 h - 5 potions of attraction
 q - 4 potions of cancellation
 s - a potion of lignification
 w - 2 potions of ambrosia
 H - 4 potions of resistance
 M - 2 potions of heal wounds
 N - 2 potions of haste
 P - 3 potions of mutation
 Q - a potion of berserk rage
 U - 4 potions of might


   Skills:
 - Level 16.0 Fighting
 + Level 18.0 Bows
 - Level 16.0 Armour
 - Level 16.0 Dodging
 - Level 1.1 Stealth


You had 17 spell levels left.
You didn't know any spells.
Your spell library contained the following spells:

 Spells                   Type           Power      Damage    Failure   Level
 Foxfire                  Conj/Fire      0%         2x1d4     52%         1
 Freeze                   Ice            0%         1d3       52%         1
 Magic Dart               Conj           0%         1d3       52%         1
 Slow                     Hex            0%         N/A       52%         1
 Sting                    Tmut/Pois      0%         1d3       52%         1
 Summon Small Mammal      Summ           0%         N/A       52%         1
 Blink                    Tloc           0%         N/A       65%         2
 Scorch                   Fire           0%         2d5       65%         2
 Searing Ray              Conj           0%         2d4       65%         2
 Wereblood                Tmut           0%         N/A       65%         2
 Call Canine Familiar     Summ           0%         N/A       87%         3
 Confusing Touch          Hex            0%         N/A       87%         3
 Conjure Flame            Conj/Fire      0%         6-21      87%         3
 Frozen Ramparts          Ice            0%         1d2       87%         3
 Ignite Poison            Fire/Tmut/Pois 0%         N/A       87%         3
 Inner Flame              Hex/Fire       0%         N/A       87%         3
 Lesser Beckoning         Tloc           0%         N/A       87%         3
 Stone Arrow              Conj/Erth      0%         3d7       87%         3
 Summon Guardian Golem    Hex/Summ       0%         N/A       87%         3
 Vampiric Draining        Necr           0%         2d6       87%         3
 Animate Armour           Summ/Erth      0%         N/A       99%         4
 Animate Dead             Necr           0%         N/A       99%         4
 Flame Wave               Conj/Fire      0%         2d4       99%         4
 Fulminant Prism          Conj/Hex       0%         3d6       99%         4
 Hailstorm                Conj/Ice       0%         3d3       99%         4
 Sticky Flame             Conj/Fire      0%         2d3       99%         4
 Summon Lightning Spire   Summ/Air       0%         N/A       99%         4
 Blade Hands              Tmut           0%         N/A       100%        5
 Borgnjor's Vile Clutch   Necr/Erth      0%         N/A       100%        5
 Fireball                 Conj/Fire      0%         3d3       100%        5
 Irradiate                Conj/Tmut      0%         3d13      100%        5
 Iskenderun's Battlesphe  Conj           0%         2d6       100%        5
 Manifold Assault         Tloc           0%         N/A       100%        5
 Summon Forest            Summ/Tloc      0%         N/A       100%        5
 Summon Mana Viper        Hex/Summ       0%         N/A       100%        5
 Death Channel            Necr           0%         N/A       100%        6
 Iron Shot                Conj/Erth      0%         9d1       100%        6
 Summon Cactus Giant      Summ           0%         N/A       100%        6
 Orb of Destruction       Conj           0%         9d5       100%        7
 Spellforged Servitor     Conj/Summ      0%         N/A       100%        7
 Storm Form               Tmut/Air       0%         N/A       100%        7
 Lehudib's Crystal Spear  Conj/Erth      0%         10d2      100%        8
 Maxwell's Capacitive Co  Air            0%         ∞         100%        8
 Summon Horrible Things   Summ           0%         N/A       100%        8
 Statue Form              Tmut/Erth      Unusable   N/A       N/A         6

Dungeon Overview and Level Annotations

Branches:
Dungeon (15/15)            Temple (1/1) D:5            Lair (6/6) D:8
 Shoals (1/4) Lair:3        Snake (4/4) Lair:4        Slime (0/5) Lair:6
    Orc (2/2) D:9             Elf (0/3) Orc:2        Vaults (0/5) D:13
 Depths (0/4) D:15          Sewer (visited)           IceCv (visited)
Gauntlet (visited)

Altars:
Ashenzari
Cheibriados
Dithmenos
Elyvilon
Fedhas
Gozag
Hepliaklqana
Kikubaaqudgha
Makhleb
Nemelex Xobeh
Okawaru
Qazlal
Ru
Sif Muna
Trog
Uskayaw
Vehumet
Wu Jian
Xom
Yredelemnul
Zin
The Shining One

Shops:
D:7 :   D:9 (   Orc:1 [   Orc:2 [(*=   Snake:3 ![=

Annotations:
Snake:1 3 runed translucent doors


Innate Abilities, Weirdness & Mutations

You are immune to sickness and miasma.
Your stone body is resilient. (AC +13)
You are immune to poison.
Your large and strong wings let you fly.
You resist negative energy. (rN+)
You are resistant to electric shocks. (rElec)
You are resistant to unholy torment.
You are immune to petrification.
You are frail. (-10% HP)
[You often lose your temper in combat.]
[You are sometimes teleported next to monsters.]


Message History

You are too injured to fight recklessly!
Shoot: G) +3 longbow (freeze)
Press: ? - help, Q - select action, (/) - cycle Shift-Dir - straight line, f/p - white very ugly thing
Aim: a white very ugly thing (moderately wounded, 79% to hit)
You shoot an arrow.
The arrow hits the white very ugly thing!
The white very ugly thing is heavily wounded.
Shoot: G) +3 longbow (freeze)
Press: ? - help, Q - select action, (/) - cycle Shift-Dir - straight line, f/p - white very ugly thing
Aim: a white very ugly thing (heavily wounded, 79% to hit)
You shoot an arrow.
The arrow hits the white very ugly thing!!
The arrow freezes the white very ugly thing.
The white very ugly thing is severely wounded.
The white very ugly thing misses you.
The green ugly thing basks in the mutagenic energy from its kin and changes!
Shoot: G) +3 longbow (freeze)
Press: ? - help, Q - select action, (/) - cycle Shift-Dir - straight line, f/p - white very ugly thing
Aim: a white very ugly thing (severely wounded, 79% to hit)
You shoot an arrow.
The arrow hits the white very ugly thing!
The white very ugly thing is almost dead.
The white very ugly thing pecks you but does no damage.
Shoot: G) +3 longbow (freeze)
Press: ? - help, Q - select action, (/) - cycle Shift-Dir - straight line, f/p - white very ugly thing
Aim: a white very ugly thing (severely wounded, 79% to hit)
You shoot an arrow.
The arrow closely misses the white very ugly thing.
The white very ugly thing pecks you! The white very ugly thing freezes you!!
* * * LOW HITPOINT WARNING * * *
Shoot: G) +3 longbow (freeze)
Press: ? - help, Q - select action, (/) - cycle Shift-Dir - straight line, f/p - white very ugly thing
Aim: a white very ugly thing (severely wounded, 79% to hit)
You shoot an arrow.
The arrow hits the white very ugly thing!
The white very ugly thing is almost dead.
The white very ugly thing pecks you!
* * * LOW HITPOINT WARNING * * *
The white very ugly thing freezes you!!!
You die...

. .#. .. h#
#.# ... .#.#
# ..##.##. .
.# . ## .##.
##.# . #
.... ... ##.
# ...
##...#..†..#
... # #
#......u. #
#. # .
..#Xu####
... ... .
#.# .#@# .#
. ##..#.. .
.# ###...#
.# #. # .
...# . # ..
.. #...... #
.# ...... #
.. .# ##..
...## . . #
### .. .. ##


You could see a white very ugly thing, a white ugly thing and a thrashing
horror.

Vanquished Creatures
  Rupert (Lair:6)
  A tentacled starspawn (Abyss:3)
  Frances (Shoals:1)
  Donald (Snake:2)
  Roxanne (Snake:4)
  Gastronok (Lair:3)
  6 nagarajas (Snake:4)
  A juggernaut zombie (D:15)
  A quicksilver ooze (Gauntlet)
  2 very ugly things (Abyss:3)
  A dire elephant (Lair:3)
  A minotaur (Gauntlet)
  Snorg (D:12)
  Josephine (Lair:5)
  Harold (Lair:1)
  6 hydras
  A vault guard (D:13)
  2 ogre magi (D:15)
  2 salamander tyrants (Snake:4)
  13 two-headed ogres
  3 boulder beetles
  5 catoblepae
  9 anacondas
  4 centaur warriors
  12 death yaks
  3 tengu warriors
  17 naga warriors
  Urug (D:9)
  7 shock serpents
  A wretched star (Abyss:3)
  20 naga sharpshooters
  2 skeletal warriors (D:15)
  Sonja (Lair:6)
  2 salamander mystics (Snake:4)
  3 sixfirhies (Gauntlet)
  A flayed ghost (D:15)
  14 naga ritualists
  2 orc knights (Orc:2)
  A wizard (D:14)
  12 harpies (Shoals:1)
  A necromancer (D:15)
  6 deep elf zephyrmancers (D:15)
  3 deep elf pyromancers (D:15)
  2 oklob plants
  A sphinx zombie (D:15)
  14 mana vipers
  3 manticores
  A frost giant zombie (D:15)
  6 salamanders
  5 fauns (Shoals:1)
  2 cyclopes
  7 ugly things
  An orc sorcerer (Orc:1)
  4 guardian serpents
  16 naga magi
  6 elephants
  A merfolk siren (Shoals:1)
  2 water nymphs (Shoals:1)
  42 black mambas
  Joseph (D:7)
  2 orange demons (D:13)
  11 cane toads
  An anaconda simulacrum (IceCv)
  A kobold demonologist (D:14)
  A tengu conjurer (D:15)
  A hellwing (Abyss:3)
  5 rime drakes
  A freezing wraith (D:15)
  An entropy weaver simulacrum (IceCv)
  3 yaktaurs
  The ghost of PanSaczeczos the Conjurer, a novice GrHW (D:5)
  7 komodo dragons
  3 red devils (D:13)
  A merfolk (Shoals:1)
  3 meliai (D:15)
  4 polar bears
  11 trolls
  Grinder (D:3)
  4 slime creatures (D:13)
  3 raiju (Abyss:3)
  4 dream sheep (Lair:5)
  19 blink frogs
  Sigmund (D:2)
  A spriggan skeleton (D:15)
  A shadow (D:12)
  29 yaks
  A water elemental (D:15)
  5 wraiths
  8 wyverns
  Eustachio (D:4)
  4 steam dragons
  A human (shapeshifter) (D:14)
  5 basilisks
  Grum (D:10)
  A golden eye (shapeshifter) (D:13)
  A neqoxec (Abyss:3)
  A warg (Orc:1)
  39 nagas
  5 vampire mosquitoes
  2 large abominations (Abyss:3)
  22 water moccasins
  3 acid dragons
  Pargi (Sewer)
  36 orc warriors
  An ice beast (D:7)
  A sky beast (D:7)
  7 ogres
  22 wolves
  22 centaurs
  A phantom (D:3)
  Blork the orc (D:4)
  6 kobold brigands
  20 bullfrogs
  2 gnoll sergeants (D:10)
  2 scorpions
  8 wights
  2 necrophages
  10 killer bees
  10 howler monkeys
  4 electric eels
  2 hounds
  Crazy Yiuf (D:7)
  9 orc priests
  A gnoll shaman (D:7)
  6 iguanas
  4 hell rats (Lair:6)
  20 orc wizards
  2 polar bear simulacra (IceCv)
  2 wolf simulacra (IceCv)
  Robin (D:4)
  26 gnolls
  5 adders
  2 river rats (D:3)
  A shadow imp (D:8)
  12 white imps (D:11)
  2 ufetubi
  A worm (D:3)
  4 dart slugs
  70 orcs
  9 ball pythons
  9 bats
  6 endoplasms
  2 giant cockroaches
  12 goblins
  10 hobgoblins
  9 jackals
  15 kobolds
  7 quokkas
  4 frilled lizards
  3 rats
  A starspawn tentacle (Abyss:3)
923 creatures vanquished.

Vanquished Creatures (others)
  31 fungi
  62 plants
  A starspawn tentacle (Abyss:3)
  6 toadstools (Lair:3)
  9 withered plants (D:15)
109 creatures vanquished.

Grand Total: 1032 creatures vanquished

Notes
Turn   | Place    | Note
-------+----------+-------------------------------------------
     0 | D:1      | HoaS the Gargoyle Hunter began the quest for the Orb.
     0 | D:1      | Reached XP level 1. HP: 12/12 MP: 1/1
    95 | D:1      | Reached XP level 2. HP: 5/17 MP: 2/2
   552 | D:1      | Reached XP level 3. HP: 16/21 MP: 3/3
   696 | D:1      | Reached skill level 5 in Bows
  1459 | D:2      | Noticed Sigmund
  1919 | D:2      | Reached XP level 4. HP: 24/26 MP: 4/4
  2646 | D:3      | Noticed a phantom
  2655 | D:3      | Killed a phantom
  2656 | D:3      | Reached skill level 6 in Bows
  2656 | D:3      | Reached XP level 5. HP: 30/30 MP: 5/5
  2723 | D:3      | Found a glowing drain.
  2733 | Sewer    | Entered a sewer
  2799 | Sewer    | Noticed Pargi
  2831 | Sewer    | Killed Pargi
  2832 | Sewer    | Reached skill level 7 in Bows
  2832 | Sewer    | Reached XP level 6. HP: 12/35 MP: 6/6
  3242 | D:3      | Noticed Grinder
  3290 | D:2      | Killed Sigmund
  3291 | D:2      | Reached skill level 8 in Bows
  3291 | D:2      | Reached XP level 7. HP: 40/40 MP: 7/7
  3791 | D:4      | Identified the ring of the Messenger {Fly Str+2}
  3806 | D:4      | Noticed Robin
  3835 | D:4      | Killed Robin
  3854 | D:4      | Reached skill level 9 in Bows
  3871 | D:4      | Noticed Eustachio
  3886 | D:4      | Killed Eustachio
  4018 | D:4      | Noticed Blork the orc
  4027 | D:4      | Killed Blork the orc
  4028 | D:4      | Reached XP level 8. HP: 44/44 MP: 8/8
  4093 | D:5      | Entered Level 5 of the Dungeon
  4102 | D:5      | Found a runed translucent gate.
  4103 | D:5      | Found a runed translucent gate.
  4105 | D:5      | Found a runed translucent gate.
  4106 | D:5      | Noticed PanSaczeczos's ghost (novice GrHW)
  4161 | D:5      | Reached skill level 10 in Bows
  4229 | D:5      | Identified the +0 pair of boots "Luruexib" {Harm rF+ Will+}
  4326 | D:5      | Found a staircase to the Ecumenical Temple.
  4337 | Temple   | Entered the Ecumenical Temple
  4745 | Temple   | Became a worshipper of Makhleb the Destroyer
  5437 | D:3      | Paralysed by Grinder for 5 turns
  5460 | D:3      | Killed Grinder
  5461 | D:3      | Reached skill level 11 in Bows
  5864 | D:6      | Reached XP level 9. HP: 48/48 MP: 9/9
  6092 | D:6      | Reached skill level 12 in Bows
  6583 | D:7      | Noticed a troll
  6606 | D:7      | Killed a troll
  6607 | D:7      | Reached skill level 13 in Bows
  6665 | D:7      | Noticed a komodo dragon
  6678 | D:7      | Killed a komodo dragon
  6685 | D:7      | Noticed a seven-headed hydra
  6898 | D:8      | Found an ornate altar of the Wu Jian Council.
  7034 | D:8      | Reached * piety under Makhleb
  7044 | D:8      | Reached skill level 14 in Bows
  7119 | D:8      | Reached XP level 10. HP: 53/53 MP: 10/10
  7363 | D:8      | Found a staircase to the Lair.
  7622 | D:8      | Reached skill level 15 in Bows
  8035 | D:9      | Reached ** piety under Makhleb
  8220 | D:9      | Found a staircase to the Orcish Mines.
  8250 | D:9      | Found Ribatud's Antique Weapon Emporium.
  8651 | D:9      | You are sucked into a shaft and drop 1 floor!
  8651 | D:10     | Entered Level 10 of the Dungeon
  8822 | D:7      | Killed a seven-headed hydra
  8823 | D:7      | Reached skill level 16 in Bows
  8823 | D:7      | Reached skill level 1 in Armour
  9119 | D:7      | Identified the +1 leather armour of Disguise {rC+ Int+7}
  9168 | D:7      | Reached XP level 11. HP: 60/60 MP: 11/11
  9221 | D:7      | Found Qentom's Book Boutique.
  9442 | D:7      | Noticed Joseph
  9454 | D:7      | Killed Joseph
  9663 | D:7      | Found a runed translucent door.
  9664 | D:7      | Noticed Crazy Yiuf
  9671 | D:7      | Killed Crazy Yiuf
  9837 | D:5      | Killed PanSaczeczos's ghost
 10008 | D:10     | Noticed Urug
 10023 | D:9      | Killed Urug
 10023 | D:9      | Reached *** piety under Makhleb
 10189 | D:10     | Identified the +5 ring mail of Jigsaw {Contam +Inv Dex+3
                  | Slay+2}
 10190 | D:10     | Noticed Grum
 10197 | D:10     | Killed Grum
 10210 | D:10     | Reached skill level 5 in Dodging
 10755 | D:10     | Reached skill level 5 in Fighting
 10853 | D:10     | Noticed a two-headed ogre
 10978 | Lair:1   | Entered Level 1 of the Lair of Beasts
 10985 | Lair:1   | Noticed an oklob plant
 11009 | Lair:1   | Killed an oklob plant
 11048 | Lair:1   | Noticed Harold
 11554 | Lair:1   | Killed Harold
 11630 | Lair:1   | Reached skill level 5 in Armour
 11810 | Lair:1   | Reached XP level 12. HP: 70/70 MP: 12/12
 11812 | Lair:1   | Reached **** piety under Makhleb
 12333 | Lair:2   | Noticed a six-headed hydra
 12338 | Lair:2   | Killed a six-headed hydra
 12509 | Lair:2   | Noticed a six-headed hydra
 12516 | Lair:2   | Killed a six-headed hydra
 12547 | Lair:2   | Identified a scroll of acquirement
 12547 | Lair:2   | Acquired a +0 longbow of freezing
 13097 | Lair:3   | Noticed Gastronok
 13110 | Lair:3   | Killed Gastronok
 13160 | Lair:3   | Noticed a four-headed hydra
 13160 | Lair:3   | Noticed a death yak
 13175 | Lair:3   | Killed a four-headed hydra
 13198 | Lair:3   | Noticed a death yak
 13226 | Lair:3   | Killed a death yak
 13240 | Lair:3   | Killed a death yak
 13457 | Lair:3   | Noticed a dire elephant
 13457 | Lair:3   | Noticed a catoblepas
 13477 | Lair:3   | Found a runed translucent door.
 13588 | Lair:3   | Reached XP level 13. HP: 68/79 MP: 13/13
 13625 | Lair:3   | Found a staircase to the Shoals.
 14489 | Lair:4   | Found a staircase to the Snake Pit.
 15230 | Lair:5   | Noticed Josephine
 15251 | Lair:5   | Killed Josephine
 15261 | Lair:5   | Reached skill level 10 in Dodging
 15296 | Lair:5   | Acquired 424 gold pieces
 15896 | Lair:5   | Reached ***** piety under Makhleb
 16085 | Lair:6   | Entered Level 6 of the Lair of Beasts
 16285 | Lair:6   | Found a staircase to the Slime Pits.
 16288 | Lair:6   | Noticed Sonja
 16300 | Lair:6   | Killed Sonja
 16301 | Lair:6   | Reached skill level 10 in Fighting
 16393 | Lair:6   | Noticed Rupert
 16718 | Lair:6   | Killed Rupert
 16719 | Lair:6   | Reached skill level 10 in Armour
 16719 | Lair:6   | Gained mutation: Your large and strong wings let you fly.
                  | [Gargoyle growth]
 16719 | Lair:6   | Reached XP level 14. HP: 12/88 MP: 14/14
 18986 | Lair:3   | Killed a dire elephant
 19409 | D:11     | Found a frozen archway.
 19464 | IceCv    | Entered an ice cave
 19795 | IceCv    | Found a transporter.
 19805 | IceCv    | Found a transporter.
 20824 | D:12     | Noticed Snorg
 20840 | D:12     | Killed Snorg
 20841 | D:12     | Reached XP level 15. HP: 96/96 MP: 15/15
 21041 | Orc:1    | Entered Level 1 of the Orcish Mines
 21042 | Orc:1    | Reached ****** piety under Makhleb
 21657 | Orc:1    | Found Xeridon's Armour Boutique.
 21665 | Orc:1    | Bought a +2 helmet of see invisible for 215 gold pieces
 21899 | Orc:2    | Entered Level 2 of the Orcish Mines
 23318 | Orc:2    | Found Supinuaf's Antique Weapon Shoppe.
 23318 | Orc:2    | Found Datwutru's General Store.
 23318 | Orc:2    | Found Wuff's Jewellery Shop.
 23321 | Orc:2    | Found Wocus's Armour Emporium.
 23326 | Orc:2    | Bought a scroll of teleportation for 54 gold pieces
 23326 | Orc:2    | Bought a scroll of teleportation for 54 gold pieces
 23328 | Orc:2    | Bought an amulet of regeneration for 330 gold pieces
 23339 | Orc:2    | Bought a +6 ring of dexterity for 643 gold pieces
 23362 | Orc:2    | Found a staircase to the Elven Halls.
 23919 | D:13     | Found a gate to the Vaults.
 24130 | D:13     | Identified the +3 ring mail of the Furies {rElec Str+3
                  | Int-5}
 24920 | D:15     | Entered Level 15 of the Dungeon
 24942 | D:14     | Upgraded the game from 0.29-a0-617-g7a6b98fccd to
                  | 0.29-a0-620-g13ace881f2
 25075 | D:15     | Found a gate leading to a gauntlet.
 25096 | Gauntlet | Entered a Gauntlet
 25096 | Gauntlet | Found a transporter.
 25096 | Gauntlet | Found a transporter.
 25096 | Gauntlet | Found a transporter.
 25105 | Gauntlet | Found a transporter.
 25117 | Gauntlet | Found a transporter.
 25131 | Gauntlet | Found a transporter.
 25141 | Gauntlet | Found a transporter.
 25156 | Gauntlet | Found a transporter.
 25162 | Gauntlet | Found a transporter.
 25176 | Gauntlet | Found a transporter.
 25193 | Gauntlet | Found a transporter.
 25197 | Gauntlet | Found a transporter.
 25332 | Gauntlet | Identified the +1 helmet of the Pit {Int+4}
 25394 | Gauntlet | Identified the amulet "Ziub" {RegenMP rN+ Dex+2}
 25395 | Gauntlet | Got the Compendium of Creation and the Blaze
 25851 | D:15     | Reached XP level 16. HP: 104/104 MP: 16/16
 25912 | D:15     | Found a staircase to the Depths.
 26465 | Snake:1  | Entered Level 1 of the Snake Pit
 26854 | Snake:1  | Reached skill level 15 in Dodging
 27801 | Snake:1  | Found a runed translucent gate.
 27801 | Snake:1  | Found a runed translucent gate.
 27801 | Snake:1  | Found a runed translucent gate.
 28048 | Snake:2  | Noticed Donald
 28069 | Snake:2  | Killed Donald
 29013 | Snake:3  | Found Lodysokk's Distillery.
 29023 | Snake:3  | Bought 2 potions of heal wounds for 170 gold pieces
 29023 | Snake:3  | Bought a potion of might for 68 gold pieces
 29023 | Snake:3  | Bought a potion of might for 68 gold pieces
 29023 | Snake:3  | Found Luefo Ung's Antique Armour Boutique.
 29422 | Snake:3  | Reached XP level 17. HP: 112/112 MP: 17/17
 29732 | Snake:3  | Found Kuschac's Jewellery Boutique.
 30161 | Snake:4  | Entered Level 4 of the Snake Pit
 30284 | Snake:4  | Reached skill level 15 in Fighting
 30345 | Snake:4  | Identified Roxanne's Incunabulum of Shape Shifting
 30345 | Snake:4  | Noticed Roxanne
 30371 | Snake:4  | Killed Roxanne
 30372 | Snake:4  | Reached skill level 15 in Armour
 30531 | Snake:4  | Identified the +3 scale mail "Ocered" {rF- rN+ Int+4}
 30690 | Snake:4  | Identified the ring "Nahebar" {Will+ Dex+6 SInv}
 30955 | Snake:4  | Identified the +6 scale mail of the Monkey {*Slow rElec
                  | Str+3}
 31343 | Snake:4  | Reached XP level 18. HP: 120/120 MP: 18/18
 31373 | Snake:4  | Reached skill level 17 in Bows
 31762 | Snake:4  | Got a serpentine rune of Zot
 32156 | Shoals:1 | Entered Level 1 of the Shoals
 32172 | Shoals:1 | Noticed Frances
 32189 | Shoals:1 | Killed Frances
 32464 | Shoals:1 | Reached skill level 18 in Bows
 32469 | Shoals:1 | Cast into level 3 of the Abyss (merfolk impaler)
 32720 | Abyss:3  | Gained mutation: You are frail. (-10% HP) [a neqoxec]
 32776 | Abyss:3  | HP: 2/108 [white very ugly thing (10)]
 32776 | Abyss:3  | Annihilated by a white very ugly thing

Illustrated notes

Levels and vault maps discovered:
D:1:      psy_arrival_radial01, layout_basic
D:2:      layout_basic, uniq_sigmund
D:3:      layout_loops_ring, gup_sewer_entry_spiral, nrook_campfire, hex_tiny,
          chequers_serial_rivers_micro_d, uniq_grinder
D:4:      layout_cave_pools, uniq_eustachio, uniq_robin, uniq_blork_the_orc
D:5:      layout_basic, minmay_temple_entry_statues_fountains,
          gammafunk_ghost_nasty_kobolds, hangedman_abyss_or_decor_lesser_grid
D:6:      layout_cave_pods
D:7:      layout_basic, serial_shops, shop, minmay_manual_mandibuliform,
          uniq_crazy_yiuf_cottage, uniq_joseph
D:8:      layout_rooms, nicolae_wu_jian_wuxing_cycle, erik_lair_dragon
D:9:      layout_loops_corners, orc_0_dummy, serial_shops,
          nicolae_shop_advertising_works [nicolae_subvault_shop_adworks],
          minmay_between
D:10:     layout_cave_pods, uniq_grum, uniq_urug
D:11:     layout_small_grid, portal_ice_cave_entry_imps
D:12:     layout_irregular_city, uniq_snorg
D:13:     layout_gridville, david_vaults_5, minmay_beelzebubs_servants
D:14:     layout_rooms, minivault_14
D:15:     gammafunk_depths_entry_grave, layout_long_grid,
          gauntlet_entry_generic, nicolae_concentric_dashed_squares_wild,
          grunt_decor_mini_mirrors, hangedman_abyss_or_decor_passed,
          elves_outpost_lemuel
Temple:   mainiacjoe_temple_trianglar_array
Lair:1:   layout_chaotic_city, enter_volcano_2, minmay_lair_oklob_bushes,
          hibernation_bobbens, uniq_harold
Lair:2:   layout_gridlike, grunt_forest_small_clearings, st_stairs_9,
          lemuel_fruit_fields, serial_bayou_shore_a
Lair:3:   gammafunk_lair_enchanted_lake, layout_concentric_octagons,
          minmay_shoals_entry_centaurs, uniq_gastronok
Lair:4:   layout_roguey, minmay_snake_entry_guardpost_small
Lair:5:   layout_gridlike, uniq_josephine
Lair:6:   evilmike_catoblepas_cave, layout_cave_pods,
          minmay_slime_entry_oklob_open, st_stairs_9, uniq_rupert, uniq_sonja
Shoals:1: layout_shoals, uniq_frances
Snake:1:  layout_onion_interference, nicolae_snake_horde_hoard
Snake:2:  layout_onion_interference, uniq_donald
Snake:3:  layout_cave_town, serial_shops, nicolae_diamond_shop,
          serial_bayou_shore_b, minmay_shop_star, grunt_megastairs_2
Snake:4:  snake_pit, layout_misc_corridors, nicolae_snake_naga_rites,
          uniq_roxanne
Orc:1:    layout_caves, serial_shops, shop
Orc:2:    st_orc_rangers, layout_caves
Abyss:3:  base: Lair:1, evilmike_nicolae_abyss_rune_containment_curve

Skill      XL: |  1  2  3  4  5  6  7  8  9 10 11 12 13 14 15 16 17 18 |
---------------+-------------------------------------------------------+-----
Bows           | 5 6 7 8 9 11 14 16 18 | 18.0
Armour         | 1 5 7 10 11 13 14 16 | 16.0
Dodging        | 2 6 8 11 12 14 15 16 | 16.0
Fighting       | 3 6 8 10 11 13 14 16 | 16.0
Stealth        | |  1.1

Action                   |  1- 3 |  4- 6 |  7- 9 | 10-12 | 13-15 | 16-18 || total
-------------------------+-------+-------+-------+-------+-------+-------++-------
Melee: Unarmed           |       |       |       |       |     1 |       ||     1
 Fire: Shortbow          |   109 |   133 |   399 |   718 |  1555 |   992 ||  3906
       Longbow           |       |       |       |       |       |   358 ||   358
Throw: Throwing net      |       |       |       |     1 |       |       ||     1
  Use: Scroll            |     4 |     3 |    11 |    10 |    11 |     7 ||    46
       Potion            |       |       |     2 |     2 |     2 |     4 ||    10
Armor: Leather armour    |    12 |       |       |       |       |       ||    12
       Ring mail         |    12 |    74 |       |    24 |   267 |   201 ||   578
       Troll leather arm |       |     2 |   141 |    79 |       |       ||   222
Dodge: Dodged            |    24 |    86 |   117 |   170 |   692 |   835 ||  1924
Block: Other             |       |       |    22 |    53 |   139 |       ||   214
       Reflection        |       |       |       |     3 |    11 |       ||    14

Table legend: (Time is in decaauts)
 A = Elapsed time spent in this place.
 B = Non-inter-level travel time spent in this place.
 C = Inter-level travel time spent in this place.
 D = Time resting spent in this place.
 E = Time spent auto-exploring this place.
 F = Levels seen in this place.
 G = Mean time per level.
                   A        B        C        D        E       F      G
               +--------+--------+--------+--------+--------+-----+--------+
         Total |  32163 |  30093 |   2070 |   7981 |  15747 |  33 |  974.6 |
       Dungeon |  14431 |  13194 |   1237 |   2377 |   7881 |  15 |  962.1 |
        Temple |    445 |    373 |     72 |      0 |    372 |   1 |  445.0 |
          Lair |   7830 |   7316 |    514 |   2195 |   3818 |   6 | 1305.0 |
        Shoals |    299 |    299 |      0 |    105 |     93 |   1 |  299.0 |
     Snake Pit |   5278 |   5106 |    172 |   1669 |   2257 |   4 | 1319.5 |
  Orcish Mines |   2515 |   2442 |     73 |   1167 |    824 |   2 | 1257.5 |
         Abyss |    302 |    302 |      0 |      0 |    208 |   1 |  302.0 |
         Sewer |    419 |    419 |      0 |    178 |     95 |   1 |  419.0 |
      Ice Cave |    354 |    354 |      0 |    288 |     10 |   1 |  354.0 |
      Gauntlet |    286 |    286 |      0 |      0 |    188 |   1 |  286.0 |
               +--------+--------+--------+--------+--------+-----+--------+

Top non-repeatable levels by time:
  Lair:6: 2079 daAuts
 Snake:4: 1806 daAuts
     D:8: 1746 daAuts
   Orc:2: 1607 daAuts
  Lair:5: 1506 daAuts
  Lair:3: 1463 daAuts
     D:1: 1391 daAuts
     D:3: 1319 daAuts
     D:6: 1276 daAuts
 Snake:1: 1213 daAuts
  Lair:4: 1190 daAuts
 Snake:3: 1181 daAuts
     D:9: 1122 daAuts
 Snake:2: 1076 daAuts
    D:10: 991 daAuts
